 Dungeon Crawl Stone Soup version 0.19-a0-1608-g4cf22de (webtiles) character file.

4176 4thArraOfDagon the Carver (level 10, 0/74 (76) HPs)
             Began as a Vampire Gladiator on Sept 17, 2016.
             Was an Elder of Okawaru.
             Slain by Erolcha
             ... wielding a +0 giant spiked club
              (18 damage)
             ... on level 9 of the Dungeon.
             The game lasted 00:13:48 (2826 turns).

4thArraOfDagon the Carver (Vampire Gladiator)       Turns: 2826, Time: 00:13:49

HP:   0/74 (76)     AC:  8    Str: 14      XL:     10   Next: 8%
MP:   13/14         EV: 19    Int: 13      God:    Okawaru [****..]
Gold: 531           SH:  0    Dex: 15 (16) Spells: 0 memorised, 9 levels left

rFire  . . .     SeeInvis +     s - +2 great sword (slice)
rCold  . . .     Gourm    .     l - +0 ring mail
rNeg   . . .     Faith    .     (shield currently unavailable)
rPois  +         Spirit   .     c - +0 helmet
rElec  .         Dismiss  .     (no cloak)
rCorr  .         Reflect  .     n - +0 pair of gloves
MR     +....     Harm     .     (no boots)
Stlth  +++.......               (no amulet)
                                y - ring of poison resistance
                                D - ring of flight

@: heroism, regenerating quickly
A: fangs 3, see invisible, unbreathing
a: Heroism, Renounce Religion, Evoke Flight


You were on level 9 of the Dungeon.
You worshipped Okawaru.
Okawaru was greatly pleased with you.
You were very full.

You visited 2 branches of the dungeon, and saw 10 of its levels.
You also visited: Sewer.

You collected 531 gold pieces.

Inventory:

Hand Weapons
 a - a +0 long sword
 f - a +2 falchion of flaming
 s - a +2 great sword of slicing (weapon)
Armour
 c - a +0 helmet (worn)
 l - a +0 ring mail (worn)
 n - a +0 pair of gloves (worn)
Magical Staves
 w - an uncursed staff of power {unknown}
Jewellery
 y - a ring of poison resistance (right hand)
 z - an uncursed ring of ice
 D - a ring of flight (left hand)
Wands
 r - a wand of acid (5/15)
 x - a wand of flame (7/48)
 A - a wand of paralysis (3/24)
Scrolls
 g - 3 scrolls of teleportation
 j - a scroll of blinking {unknown}
 k - 3 scrolls of fear {unknown}
 q - 3 scrolls of recharging {unknown}
 t - 4 scrolls of identify {unknown}
 u - a scroll of immolation
 E - a scroll of magic mapping {unknown}
Potions
 b - a potion of invisibility {unknown}
 e - 13 potions of blood
 h - 3 potions of curing
 i - 2 potions of haste {unknown}
 m - 3 potions of flight
 o - a potion of might {unknown}
 p - a potion of mutation {unknown}
 v - a potion of degeneration {unknown}
 B - a potion of cure mutation {unknown}
 C - a potion of resistance
Books
 d - a book of the Dragon

   Spells                             Type                      Level
   a - Flame Tongue                   Conjuration/Fire             1
   b - Cause Fear                     Hexes                        4
   c - Bolt of Fire                   Conjuration/Fire             6
   d - Dragon Form                    Transmutation                7
   e - Dragon's Call                  Summoning                    9


   Skills:
 + Level 6.2(11.2) Fighting
 * Level 9.9(14.9) Long Blades
 - Level 1.5(6.5) Throwing
 + Level 8.1(13.1) Dodging
 + Level 5.3 Invocations


You had 9 spell levels left.
You didn't know any spells.

Dungeon Overview and Level Annotations

Branches:
Dungeon (9/15)             Temple (1/1) D:4
   Lair: D:8-11         Orc: D:9-12

Altars:
Cheibriados
Elyvilon
Fedhas
Gozag
Kikubaaqudgha
Makhleb
Okawaru
Ru
Sif Muna
Trog
Uskayaw
Vehumet
Yredelemnul
The Shining One

Shops:
D:4 [   D:7 [

Annotations:
D:3 azzavlup's ghost, amateur VSFi
D:7 4thArraOfDagon's ghost, amateur TrWr
D:9 Erolcha


Innate Abilities, Weirdness & Mutations

Your natural rate of healing is unusually fast.
You have razor-sharp teeth.
You have supernaturally acute eyesight. (SInv)
You can survive without breathing.


Message History

Erolcha is moderately wounded.
Unknown command.
You slice Erolcha!!
Erolcha is severely wounded.
Erolcha misses you.
Unknown command.
You hit Erolcha. You bite Erolcha.
Erolcha is almost dead.
Unknown command.
You barely miss Erolcha.
Erolcha is almost dead.
Erolcha points at you and mumbles some strange words.
The bolt of cold hits you!
* * * LOW HITPOINT WARNING * * *
Unknown command.
Unknown command.
You slash Erolcha!
Erolcha is almost dead.
Erolcha hits you with a giant spiked club!!
You die...

#....<.# # #... ..#
#......# .#... ..#
#......# .#..# #.#
#......# ...# #.#
#......# #..#
#.###......# #..#
#..........# #.O#
#..........# #.@#
#..........# #..#
#..#.......### #..#
#..#..........
#..###..#..........
#.......#.......###
#.........#.......#
#....##...#.......#
#....##...#.......#
####.##...#.......#


You could see Erolcha.

Vanquished Creatures
  Pikel (D:9)
  Joseph (D:7)
  6 yaks (D:9)
  Eustachio (D:6)
  2 orc warriors (D:6)
  A sky beast (D:5)
  2 slaves (D:9)
  A necrophage (D:7)
  An ogre (D:6)
  4 centaurs
  3 bullfrogs
  11 killer bees
  2 howler monkeys
  A crimson imp (D:9)
  An orc priest (D:8)
  2 centaur skeletons
  3 hounds
  3 jellies
  2 quasits
  5 orc wizards
  4 iguanas (D:6)
  7 worker ants
  2 hound skeletons
  A worker ant zombie (D:7)
  8 adders
  2 shadow imps
  3 oozes
  An adder zombie (D:5)
  4 worms (Sewer)
  3 dart slugs
  4 leopard geckos
  16 orcs
  8 bats
  6 giant cockroaches
  4 jackals (Sewer)
  2 kobolds
  2 quokkas
  2 ball pythons
  2 frilled lizards
  A goblin (D:1)
  2 rats (D:2)
137 creatures vanquished.

Vanquished Creatures (others)
  A slave (D:9)
1 creature vanquished.

Grand Total: 138 creatures vanquished

Notes
Turn   | Place    | Note
-------+----------+-------------------------------------------
     0 | D:1      | 4thArraOfDagon the Vampire Gladiator began the quest for the Orb.
     0 | D:1      | Reached XP level 1. HP: 16/16 MP: 1/1
    78 | D:2      | Reached XP level 2. HP: 20/22 MP: 2/2
   236 | D:3      | Reached XP level 3. HP: 27/27 MP: 3/3
   306 | D:4      | Noticed a centaur
   322 | D:4      | Killed a centaur
   322 | D:4      | Reached skill level 4 in Long Blades
   322 | D:4      | Reached XP level 4. HP: 17/34 MP: 4/4
   377 | D:4      | Reached XP level 5. HP: 33/40 MP: 5/5
   389 | D:4      | Found Ubon's Armour Boutique.
   522 | D:4      | Noticed a phantom
   548 | D:4      | Found a staircase to the Ecumenical Temple.
   556 | Temple   | Entered the Ecumenical Temple
   572 | Temple   | Became a worshipper of Warmaster Okawaru
   589 | D:4      | Reached skill level 5 in Long Blades
   647 | D:3      | Noticed azzavlup's ghost (amateur VSFi)
   660 | D:5      | Entered Level 5 of the Dungeon
   693 | D:5      | Noticed a sky beast
   705 | D:5      | Reached XP level 6. HP: 45/47 MP: 6/6
   736 | D:5      | Reached skill level 5 in Dodging
   736 | D:5      | Reached skill level 1 in Invocations
   748 | D:5      | Killed a sky beast
   748 | D:5      | Reached * piety under Okawaru
   748 | D:5      | Reached XP level 7. HP: 19/52 MP: 6/8
   815 | D:5      | Reached skill level 6 in Long Blades
  1167 | D:6      | Noticed Eustachio
  1181 | D:6      | Reached XP level 8. HP: 58/60 MP: 7/9
  1222 | D:6      | Killed Eustachio
  1222 | D:6      | Reached skill level 7 in Long Blades
  1264 | D:6      | Found a bloodstained altar of Trog.
  1337 | D:6      | Reached ** piety under Okawaru
  1461 | D:6      | Found a glowing drain.
  1465 | Sewer    | Entered a sewer
  1890 | D:7      | Found Eshrifut's Armour Shoppe.
  1896 | D:7      | Noticed 4thArraOfDagon's ghost (amateur TrWr)
  2116 | D:7      | Reached skill level 5 in Fighting
  2138 | D:7      | Reached skill level 8 in Long Blades
  2147 | D:7      | Noticed Joseph
  2158 | D:7      | Killed Joseph
  2158 | D:7      | Reached XP level 9. HP: 56/66 MP: 9/12
  2611 | D:9      | Reached *** piety under Okawaru
  2626 | D:9      | Noticed Pikel
  2642 | D:9      | Killed Pikel
  2642 | D:9      | Reached skill level 9 in Long Blades
  2643 | D:9      | Noticed an unseen horror
  2700 | D:9      | Reached skill level 5 in Invocations
  2721 | D:9      | Reached XP level 10. HP: 51/74 MP: 13/13
  2726 | D:9      | Reached **** piety under Okawaru
  2813 | D:9      | Noticed Erolcha
  2826 | D:9      | Slain by Erolcha

Vault maps used:
D:1:      roderic_crop_circles_arrival_small, minmay_misc_feat_alley
D:2:      first_bread
D:4:      serial_shops, nicolae_shop_stone, shop, nicolae_shop_crystal,
          kennysheep_generic_room_7
D:6:      basic_altar, lightli_sewer_entry_pipes, amethyst_killhole,
          trog_butcher_becter, uniq_eustachio
D:7:      serial_shops, nicolae_shop_behind_doors, minmay_misc_feat_columns,
          uniq_joseph
D:9:      evilmike_butchery, uniq_erolcha, uniq_pikel
Temple:   compressed_dpeg_circular_temple
Sewer:    sewer_fruit_machine

Skill      XL: |  1  2  3  4  5  6  7  8  9 |
---------------+----------------------------+-----
Fighting       | 2 3 4 5 6 |  6.2
Long Blades    | 4 5 6 8 9 |  9.9
Dodging        | 4 5 6 8 |  8.1
Invocations    | 1 2 4 5 |  5.3
Throwing       | |  1.5

Action                   |  1- 3 |  4- 6 |  7- 9 | 10-12 || total
-------------------------+-------+-------+-------+-------++-------
Melee: Long sword        |    59 |   110 |    19 |       ||   188
       Bite              |     5 |    11 |    46 |     3 ||    65
       Falchion          |       |       |   271 |       ||   271
       Great sword       |       |       |   181 |    25 ||   206
       Punch             |       |       |     2 |       ||     2
Throw: Throwing net      |       |     1 |     2 |       ||     3
Invok: Heroism           |       |       |    15 |     1 ||    16
  Use: Potion            |     2 |     5 |     2 |       ||     9
       Scroll            |       |       |     6 |       ||     6
 Stab: Held in net/web   |       |       |     4 |       ||     4
  Eat: Corpse            |     6 |     1 |    12 |     1 ||    20
Armor: Leather armour    |    11 |       |       |       ||    11
       Skin              |     7 |    34 |       |       ||    41
       Ring mail         |     1 |    21 |   110 |     7 ||   139
Dodge: Dodged            |    27 |    61 |   385 |    12 ||   485
